 Dungeon Crawl Stone Soup version 0.32-a0-481-g9ce6b883f8 (webtiles) character file.

Game seed: 3435193584023486224

1272 GordonOverkill the Sneak (level 8, -4/40 HPs)
             Began as a Spriggan Delver on Feb 26, 2024.
             Was a Believer of Vehumet.
             Shot with an arrow by an orc warrior (15 damage)
             ... on level 6 of the Dungeon.
             The game lasted 00:13:47 (7981 turns).

GordonOverkill the Sneak (Spriggan Delver)          Turns: 7981, Time: 00:13:48

Health: -4/40      AC:  3    Str: 14    XL:     8   Next: 28%
Magic:  13/16      EV: 17    Int: 13    God:    Vehumet [**....]
Gold:   172        SH:  0    Dex: 17    Spells: 15/17 levels left

rFire   . . .        H - +4 dagger of Grand Reinforcement {freeze, Will+ Str+6}
rCold   . . .        (no shield)
rNeg    . . .        b - +0 robe
rPois   .            (helmet restricted)
rElec   .            B - +0 cloak {Will+}
rCorr   .            (gloves unavailable)
SInv    +            (boots unavailable)
Will    +++..        (no amulet)
Stlth   ++++         m - ring of wizardry
HPRegen 0.26/turn    (no ring)
MPRegen 0.15/turn

%: wizardry (x1)
@: very quick
A: very small, no large weapons, unfitting armour, see invisible, speed 3
a: Renounce Religion


You were on level 6 of the Dungeon.
You worshipped Vehumet.
Vehumet was pleased with you.
You visited 2 branches of the dungeon, and saw 7 of its levels.

You collected 284 gold pieces.
You spent 112 gold pieces at shops.

Inventory:

Hand Weapons
 H - the +4 dagger of Grand Reinforcement (weapon) {freeze, Will+ Str+6}
   (You found it on level 3 of the Dungeon)

   Str+6:     It affects your strength (+6).
   Will+:     It increases your willpower.
Missiles
 h - 2 atropa-tipped darts (quivered)
 u - 8 boomerangs
Armour
 b - a +0 robe (worn)
 B - a +0 cloak of willpower (worn)
Jewellery
 m - a ring of wizardry (left hand)
Wands
 g - a wand of digging (3)
 k - a wand of iceblast (3)
 F - a wand of flame (16)
Scrolls
 c - a scroll of fog
 d - 3 scrolls of revelation
 e - 3 scrolls of fear
 j - a scroll of vulnerability {unknown}
 n - 2 scrolls of noise {unknown}
 q - 2 scrolls of enchant armour {unknown}
 v - a scroll of immolation {unknown}
 w - a scroll of brand weapon {unknown}
 y - a scroll of amnesia {unknown}
 z - 2 scrolls of teleportation {unknown}
 A - a scroll of torment {unknown}
 C - 3 scrolls of identify {unknown}
 E - a scroll of silence {unknown}
 J - 2 scrolls of poison {unknown}
 K - a scroll of enchant weapon {unknown}
Potions
 a - a potion of magic {unknown}
 f - a potion of haste
 i - a potion of might {unknown}
 l - a potion of berserk rage {unknown}
 o - a potion of enlightenment {unknown}
 p - 2 potions of ambrosia {unknown}
 r - 3 potions of heal wounds {unknown}
 s - 2 potions of lignification {unknown}
 t - a potion of degeneration {unknown}
 x - 2 potions of curing {unknown}
 D - a potion of attraction {unknown}
 G - a potion of resistance {unknown}
 I - a potion of mutation {unknown}


   Skills:
 - Level 3.0 Fighting
 - Level 2.1 Short Blades
 - Level 2.6 Dodging
 - Level 7.2 Stealth
 - Level 5.0 Spellcasting
 - Level 1.0 Translocations
 + Level 6.9 Ice Magic
 - Level 3.0 Evocations


You had 15 spell levels left.
You knew the following spells:

 Your Spells              Type           Power      Damage    Failure   Level
a - Freeze                Ice            84%        1d9       1%          1
b - Apportation           Tloc           10%        N/A       4%          1

Your spell library contained the following spells:

 Spells                   Type           Power      Damage    Failure   Level
 Foxfire                  Conj/Fire      12%        2x1d4     8%          1
 Necrotise                Necr           12%        1d4       8%          1
 Sting                    Conj/Alch      12%        1d3       8%          1
 Summon Small Mammal      Summ           12%        N/A       8%          1


Dungeon Overview and Level Annotations

Branches:
Dungeon (6/15)             Temple (1/1) D:5

Altars:
Ashenzari
Dithmenos
Hepliaklqana
Kikubaaqudgha
Makhleb
Okawaru
Ru
Trog
Vehumet
Wu Jian
Xom
Yredelemnul
Zin

Shops:
D:2 [


Innate Abilities, Weirdness & Mutations

You are very small and have problems with some larger weapons.
You are too small for most types of armour.
You have supernaturally acute eyesight. (SInv)
You cover ground extremely quickly. (Speed+++)


Message History

Aiming: Freeze (safe; 1% risk of failure)
Press: ? - help, Shift-Dir - straight line, f/p - orc
Aim: an orc, wielding a +0 club and wearing a +0 leather armour (moderately wounded)
You freeze the orc.
You kill the orc!
Vehumet accepts your kill.
You feel your power returning.
Casting: Freeze (safe; 1% risk of failure)
Confirm with . or Enter, or press ? or * to list all spells.
Aiming: Freeze (safe; 1% risk of failure)
Press: ? - help, Shift-Dir - straight line, f - orc warrior
Aim: an orc warrior, wielding a +0 orcbow and wearing a +0 plate armour You freeze the orc warrior.
The orc warrior is lightly wounded.
The orc warrior unwields a +0 orcbow.
The orc warrior wields a +0 mace.
The orc warrior hits you with a +0 mace!
* * * LOW HITPOINT WARNING * * *
Casting: Freeze (safe; 1% risk of failure)
Confirm with . or Enter, or press ? or * to list all spells.
Aiming: Freeze (safe; 1% risk of failure)
Press: ? - help, Shift-Dir - straight line, f/p - orc warrior
Aim: an orc warrior, wielding a +0 mace and wearing a +0 plate armour (lightly wounded)
You freeze the orc warrior.
The orc warrior is lightly wounded.
The orc warrior closely misses you.
Casting: Freeze (safe; 1% risk of failure)
Confirm with . or Enter, or press ? or * to list all spells.
Aiming: Freeze (safe; 1% risk of failure)
Press: ? - help, Shift-Dir - straight line, f/p - orc warrior
Aim: an orc warrior, wielding a +0 mace and wearing a +0 plate armour (lightly wounded)
You freeze the orc warrior.
The orc warrior is lightly wounded.
The orc warrior hits you with a +0 mace!
* * * LOW HITPOINT WARNING * * *
The orc warrior unwields a +0 mace.
The orc warrior wields a +0 orcbow.
The orc warrior shoots an arrow.
The arrow misses you.
You hear a shout!
The orc warrior shoots an arrow.
The arrow barely misses you.
The orc warrior shoots an arrow.
The arrow hits you!
You die...

..... #......##.######.#
.....##................#
...........#.##.########
...........#.##.#.....#
......†....'..#.#.###.#
......O.)..#..#.......#
...........#......#####
......######...###########
......#...##....@<.<.....#
......#...##....########.#
......#...##....# #.####.#
................# #....#.#
..........###...# #.##.#.#
..........# #...# #.##.#)#
..........###...###.##.#.#
..........##...o.......#.#
..........#####)###.####.#


You could see an orc warrior.

Vanquished Creatures
  Sigmund (D:3)
  2 black bears
  2 ogres
  A phantom (D:5)
  4 scorpions
  2 bombardier beetles
  2 jellies
  A gnoll bouda (D:4)
  A hound (D:5)
  Terence (D:2)
  A sleepcap (D:5)
  2 iguanas
  Robin (D:4)
  4 gnolls (D:4)
  An adder (D:4)
  A white imp (D:4)
  3 ribbon worms
  3 dart slugs
  8 orcs
  7 bats
  8 endoplasms
  3 giant cockroaches
  13 goblins
  7 hobgoblins
  A quokka (D:1)
  6 ball pythons
  5 frilled lizards
  7 kobolds
  3 rats
101 creatures vanquished.

Notes
Turn   | Place    | Note
-------+----------+-------------------------------------------
     0 | D:5      | GordonOverkill the Spriggan Delver began the quest for the
                  | Orb.
     0 | D:5      | Reached XP level 1. HP: 11/11 MP: 2/2
   143 | D:5      | Found a staircase to the Ecumenical Temple.
   155 | Temple   | Entered the Ecumenical Temple
   169 | Temple   | Became a worshipper of Vehumet
   238 | D:5      | Noticed a phantom
   293 | D:6      | Noticed a wight
   322 | D:5      | Noticed a scorpion
   327 | D:5      | Noticed a phantom
   357 | D:4      | Noticed a scorpion
   357 | D:4      | Noticed a bombardier beetle
   375 | D:4      | Found an iron altar of Okawaru.
   380 | D:4      | Reached XP level 2. HP: 16/16 MP: 3/3
   492 | D:4      | Noticed an ogre
   540 | D:2      | Reached skill level 1 in Spellcasting
  1213 | D:1      | Reached XP level 3. HP: 20/20 MP: 7/7
  1373 | D:1      | Reached * piety under Vehumet
  1373 | D:1      | Offered knowledge of Freeze by Vehumet.
  1376 | D:1      | Learned a level 1 spell: Freeze
  1733 | D:2      | Noticed Terence
  1793 | D:2      | Killed Terence
  1794 | D:2      | Reached skill level 1 in Ice Magic
  1794 | D:2      | Reached XP level 4. HP: 12/24 MP: 9/9
  2046 | D:2      | Found Ugaffuat's Antique Armour Shoppe.
  2055 | D:2      | Bought a glowing cloak for 112 gold pieces
  2698 | D:2      | Learned a level 1 spell: Apportation
  2775 | D:3      | Noticed Sigmund
  2779 | D:3      | Killed Sigmund
  2780 | D:3      | Reached skill level 1 in Translocations
  2780 | D:3      | Reached XP level 5. HP: 28/28 MP: 10/10
  2900 | D:3      | Identified the +4 dagger of Grand Reinforcement {freeze,
                  | Will+ Str+6}
  3054 | D:3      | Reached XP level 6. HP: 32/32 MP: 11/11
  3947 | D:4      | Reached skill level 5 in Ice Magic
  3947 | D:4      | Reached XP level 7. HP: 36/36 MP: 12/12
  4253 | D:4      | Noticed Robin
  4256 | D:4      | Offered knowledge of Foxfire by Vehumet.
  4263 | D:4      | Reached ** piety under Vehumet
  4271 | D:4      | Killed Robin
  4684 | D:4      | Found an iron altar of Okawaru.
  5373 | D:4      | Found an iron altar of Okawaru.
  6033 | D:5      | Reached skill level 5 in Spellcasting
  6998 | D:6      | Reached XP level 8. HP: 40/40 MP: 11/16
  7329 | D:5      | Found a staircase to the Ecumenical Temple.
  7981 | D:6      | Shot with an arrow by an orc warrior

Illustrated notes

Levels and vault maps discovered:
D:1:      nzn_arrival_depleted_hourglass, layout_rooms
D:2:      kennysheep_six_static_rooms, layout_basic, serial_bayou,
          serial_bayou_pond_e, serial_bayou_shore_a, serial_bayou_lagoon_a,
          serial_bayou_pond_d, serial_bayou_crossing, serial_shops, shop,
          uniq_terence
D:3:      layout_loops_ring, uniq_sigmund
D:4:      layout_basic, mainiacjoe_overflow_concentric_impassable, st_stairs_2,
          uniq_robin
D:5:      layout_loops_ring, minmay_temple_entry_glassed_door
D:6:      layout_basic, grunt_temple_overflow_open, grunt_ministairs_10
Temple:   chequers_temple_sunken

Skill      XL: |  1  2  3  4  5  6  7 |
---------------+----------------------+-----
Fighting       | 3 |  3.0
Spellcasting   | 2 3 5 |  5.0
Ice Magic      | 1 3 5 6 |  6.9
Translocations | 1 |  1.0
Evocations     | 3 |  3.0
Short Blades   | |  2.1
Dodging        | |  2.6
Stealth        | |  7.2

Action                     |  1- 3 |  4- 6 |  7- 9 || total
---------------------------+-------+-------+-------++-------
  Melee: Short sword       |   107 |       |       ||   107
         Dagger            |    21 |   106 |    54 ||   181
  Throw: Dart              |     4 |     3 |     5 ||    12
   Cast: Freeze            |       |    28 |    77 ||   105
  Evoke: Wand              |       |       |     8 ||     8
   Stab: Sleeping          |    10 |    16 |     3 ||    29
         Invisible         |     2 |     1 |       ||     3
         Distracted        |       |       |     1 ||     1
 Armour: Robe              |    28 |    34 |    70 ||   132
  Dodge: Dodged            |    85 |    61 |    93 ||   239

Table legend: (Time is in decaauts)
 A = Elapsed time spent in this place.
 B = Non-inter-level travel time spent in this place.
 C = Inter-level travel time spent in this place.
 D = Time resting spent in this place.
 E = Time spent auto-exploring this place.
 F = Levels seen in this place.
 G = Mean time per level.
                   A        B        C        D        E       F      G
               +--------+--------+--------+--------+--------+-----+--------+
         Total |   5844 |   5647 |    197 |   1991 |   2378 |   7 |  834.9 |
       Dungeon |   5825 |   5643 |    182 |   1991 |   2378 |   6 |  970.8 |
        Temple |     18 |      3 |     15 |      0 |      0 |   1 |   18.0 |
               +--------+--------+--------+--------+--------+-----+--------+

Top non-repeatable levels by time:
     D:4: 1912 daAuts
     D:5: 1380 daAuts
     D:2: 1009 daAuts
     D:1: 632 daAuts
     D:3: 496 daAuts
     D:6: 395 daAuts
  Temple: 18 daAuts
